 Dungeon Crawl Stone Soup version 0.30-a0-1059-g7dea3e163d (webtiles) character file.

Game seed: 10733705996347975938

2005 MacCMillion the Skirmisher (level 8, 0/63 HPs)
             Began as a Demigod Hunter on Apr 12, 2023.
             Slain by a rust devil (7 damage)
             ... on level 6 of the Dungeon.
             The game lasted 00:13:26 (8642 turns).

MacCMillion the Skirmisher (Demigod Hunter)         Turns: 8642, Time: 00:13:27

Health: 0/63       AC: -26   Str: 12    XL:     8   Next: 71%
Magic:  10/10      EV: 14    Int: 11    God:
Gold:   411        SH:  0    Dex: 25    Spells: 7/7 levels left

rFire   . . .      SeeInvis .    j - +1 sling (freeze)
rCold   . . .      Faith    .    (no shield)
rNeg    . . .      Spirit   .    c - +0 leather armour
rPois   .          Reflect  .    E - +2 hat
rElec   .          Rampage  .    (no cloak)
rCorr   .                        p - +0 pair of gloves
Will    .....                    (no boots)
Stlth   ++                       (no amulet)
HPRegen 0.30/turn                l - +4 ring of protection
MPRegen 0.12/turn                (no ring)

@: corroded
A: high MP 1, forlorn, divine attributes
a: no special abilities


You were on level 6 of the Dungeon.
You visited 1 branch of the dungeon, and saw 7 of its levels.
You also visited: Sewer.

You collected 411 gold pieces.

Inventory:

Hand Weapons
 a - a +0 shortbow
 j - a +1 sling of freezing (weapon)
Missiles
 C - a throwing net
Armour
 c - a +0 leather armour (worn)
 p - a +0 pair of gloves (worn)
 E - a +2 hat (worn)
Jewellery
 l - a +4 ring of protection (left hand)
 F - a ring of fire
 G - a +6 ring of dexterity
Wands
 y - a wand of mindburst (5)
 B - a wand of iceblast (11)
Scrolls
 b - 2 scrolls of immolation
 e - 2 scrolls of brand weapon {unknown}
 f - a scroll of torment {unknown}
 h - a scroll of enchant armour {unknown}
 i - 2 scrolls of enchant weapon {unknown}
 k - 3 scrolls of identify
 n - 2 scrolls of fear {unknown}
 s - a scroll of magic mapping {unknown}
 u - a scroll of blinking {unknown}
 x - a scroll of vulnerability {unknown}
 A - 2 scrolls of noise {unknown}
Potions
 g - 4 potions of curing
 m - 2 potions of haste
 o - 2 potions of lignification
 q - 2 potions of cancellation {unknown}
 r - a potion of mutation {unknown}
 t - 2 potions of magic {unknown}
 v - 2 potions of might {unknown}
 w - a potion of invisibility {unknown}
 z - a potion of attraction {unknown}
 D - a potion of degeneration {unknown}


   Skills:
 + Level 3.3 Fighting
 * Level 10.5 Ranged Weapons
 + Level 3.3 Dodging
 - Level 2.0 Stealth


You had 7 spell levels left.
You didn't know any spells.
Your spell library contained the following spells:

 Spells                   Type           Power      Damage    Failure   Level
 Foxfire                  Conj/Fire      0%         2x1d4     41%         1
 Sublimation of Blood     Necr           0%         N/A       56%         2
 Wereblood                Tmut           0%         N/A       56%         2
 Fireball                 Conj/Fire      0%         3d3       100%        5
 Plasma Beam              Fire/Air       0%         2x1d11    100%        6
 Starburst                Conj/Fire      0%         6d3       100%        6
 Summon Hydra             Summ           0%         N/A       100%        7


Dungeon Overview and Level Annotations

Branches:
Dungeon (7/15)             Temple (0/1) D:4           Sewer (visited)

Annotations:
D:3 exclusion: ogre
D:6 2 transporters, Azuvok's ghost, novice FoFi
D:7 Dowan; Duvessa; Menkaure


Innate Abilities, Weirdness & Mutations

You have an increased reservoir of magic. (+10% MP)
You shall have no god before yourself.
Your divine heritage dramatically boosts your attributes as you level up.


Message History

The rust devil misses you.
The rust devil attacks as you move away!
The rust devil barely misses you.
As you read the scroll labelled UGUMAF XAXA, it crumbles to dust.
It is a scroll of identify.
m - 2 potions of haste The rust devil hits you!
The rust devil corrodes you!
As you read the scroll of identify, it crumbles to dust.
o - 2 potions of lignification The rust devil hits you!
* * * LOW HITPOINT WARNING * * *
The rust devil corrodes you!
The rust devil attacks as you move away!
The rust devil barely misses you.
You are too injured to fight recklessly!
You are too injured to fight recklessly!
Fire: j) +1 sling (freeze)
Press: ? - help, Q - select action, (/) - cycle Shift-Dir - straight line, f/p - rust devil
Aim: a rust devil (moderately wounded, 75% to hit)
You shoot a sling bullet.
The sling bullet barely misses the rust devil.
The rust devil completely misses you.
Unknown command.
Fire: j) +1 sling (freeze)
Press: ? - help, Q - select action, (/) - cycle Shift-Dir - straight line, f/p - rust devil
Aim: a rust devil (moderately wounded, 75% to hit)
You shoot a sling bullet.
The sling bullet hits the rust devil but does no damage.
The rust devil is moderately wounded.
The rust devil hits you!
* * * LOW HITPOINT WARNING * * *
The rust devil corrodes you!
Fire: j) +1 sling (freeze)
Press: ? - help, Q - select action, (/) - cycle Shift-Dir - straight line, f/p - rust devil
Aim: a rust devil (moderately wounded, 75% to hit)
You shoot a sling bullet.
The sling bullet hits the rust devil but does no damage.
The rust devil is moderately wounded.
The rust devil hits you!
You die...

******** *,,,,,,,
****###**,****** #############
*,,....,*,*
............######,...[.,*,*
....)...###.#....#......,*,******
........# #....4@.......,,,,,,,,,
........# #.#.##.##.#..#*********
........###.#.##.#*,*,,,,,,******
............#.##<.,,,,,***,,,**,,
##...#.....##.##.##,,*** ***,,*,,
##...#..).#.#.##.#*,***,,,***,*,,
.'..........#.##.#,,*),,,,,)*,,**
##...............#,***,,o,,***,**
#......####..,,,,*,* ',,8o,' *,,,


You could see a rust devil.

Vanquished Creatures
  A water moccasin (D:5)
  Pargi (Sewer)
  An ice beast (D:6)
  2 sky beasts
  A black bear (D:6)
  A phantom (D:6)
  3 kobold brigands
  2 scorpions
  4 hounds
  3 orc priests
  A gnoll bouda (D:6)
  2 jellies (D:4)
  Natasha (thrice) (D:3)
  2 iguanas
  2 sleepcaps
  5 orc wizards
  10 adders
  14 gnolls
  2 river rats (D:4)
  3 shadow imps
  A white imp (D:6)
  8 worms (D:4)
  2 dart slugs
  20 orcs
  6 endoplasms
  3 giant cockroaches
  8 goblins
  7 hobgoblins
  10 jackals
  22 kobolds
  2 quokkas
  9 ball pythons
  4 bats
  7 frilled lizards
  15 rats
187 creatures vanquished.

Vanquished Creatures (others)
  9 plants (D:3)
9 creatures vanquished.

Grand Total: 196 creatures vanquished

Notes
Turn   | Place    | Note
-------+----------+-------------------------------------------
     0 | D:1      | MacCMillion the Demigod Hunter began the quest for the Orb.
     0 | D:1      | Reached XP level 1. HP: 17/17 MP: 3/3
    25 | D:1      | Reached skill level 1 in Stealth
   234 | D:1      | Reached XP level 2. HP: 24/24 MP: 4/4
   273 | D:1      | Reached skill level 4 in Ranged Weapons
   364 | D:1      | You fall into a shaft and drop 1 floor!
   865 | D:2      | Reached XP level 3. HP: 29/29 MP: 5/5
  1236 | D:3      | Reached XP level 4. HP: 34/36 MP: 6/6
  1243 | D:3      | Reached skill level 5 in Ranged Weapons
  1542 | D:3      | Noticed Natasha
  1551 | D:3      | Killed Natasha
  1733 | D:3      | Reached XP level 5. HP: 20/37 MP: 7/7
  1849 | D:3      | Noticed an ogre
  1947 | D:3      | Noticed Natasha
  1961 | D:3      | Killed Natasha
  2052 | D:3      | Reached skill level 6 in Ranged Weapons
  2091 | D:3      | Noticed Natasha
  2095 | D:3      | Killed Natasha
  2321 | D:4      | Reached XP level 6. HP: 48/48 MP: 8/8
  2398 | D:4      | Reached skill level 7 in Ranged Weapons
  2449 | D:4      | Found a glowing drain.
  2460 | Sewer    | Entered a sewer
  2577 | Sewer    | Noticed Pargi
  2586 | Sewer    | Killed Pargi
  2959 | D:4      | Found a staircase to the Ecumenical Temple.
  3290 | D:5      | Entered Level 5 of the Dungeon
  3350 | D:5      | Reached skill level 8 in Ranged Weapons
  3350 | D:5      | Reached XP level 7. HP: 53/53 MP: 9/9
  4088 | D:5      | Reached skill level 9 in Ranged Weapons
  4605 | D:6      | Found a transporter.
  4607 | D:6      | Found a transporter.
  4608 | D:6      | Noticed Azuvok's ghost (novice FoFi)
  4945 | D:6      | Reached XP level 8. HP: 33/60 MP: 10/10
  5133 | D:6      | Reached skill level 10 in Ranged Weapons
  6297 | D:7      | Noticed Dowan
  6311 | D:7      | Noticed Duvessa
  6817 | D:6      | Noticed a rust devil
  6817 | D:6      | Noticed a rust devil
  7582 | D:6      | Found a transporter.
  7611 | D:6      | Found a transporter.
  8244 | D:7      | Noticed Menkaure
  8483 | D:6      | Found a transporter.
  8487 | D:6      | Found a transporter.
  8642 | D:6      | Slain by a rust devil

Illustrated notes

Levels and vault maps discovered:
D:1:      dpeg_arrival_simpleton_b, layout_rooms
D:2:      layout_basic
D:3:      layout_loops_ring, hangedman_decor_push, nicolae_grassy_gnolls,
          uniq_natasha
D:4:      layout_cave_pools, mainiacjoe_overflow_paths,
          minmay_temple_entry_statues_fountains, lightli_sewer_entry_pipes
D:5:      layout_gridville, elyvilon_altar_4, bloody_trog
D:6:      cheibrodos_iron_armory, layout_basic, gammafunk_ghost_hive,
          minmay_chambers_of_fives
D:7:      layout_rooms, nzn_hepliaklqana_mist_gate, roderic_filled_cross,
          uniq_menkaure, uniq_duvessa

Skill      XL: |  1  2  3  4  5  6  7  8 |
---------------+-------------------------+-----
Stealth        | 1 2 |  2.0
Ranged Weapons | 4 5 6 8 9 10 | 10.5
Fighting       | 3 |  3.3
Dodging        | 3 |  3.3

Action                     |  1- 3 |  4- 6 |  7- 9 || total
---------------------------+-------+-------+-------++-------
  Melee: Sling             |       |     1 |       ||     1
   Fire: Shortbow          |    29 |       |       ||    29
         Sling             |    60 |   256 |   357 ||   673
    Use: Potion            |       |       |     1 ||     1
         Scroll            |       |       |     4 ||     4
 Armour: Leather armour    |     4 |    26 |    65 ||    95
  Dodge: Dodged            |    17 |    76 |   113 ||   206

Table legend: (Time is in decaauts)
 A = Elapsed time spent in this place.
 B = Non-inter-level travel time spent in this place.
 C = Inter-level travel time spent in this place.
 D = Time resting spent in this place.
 E = Time spent auto-exploring this place.
 F = Levels seen in this place.
 G = Mean time per level.
                   A        B        C        D        E       F      G
               +--------+--------+--------+--------+--------+-----+--------+
         Total |   8762 |   8264 |    498 |   2535 |   4246 |   8 | 1095.2 |
       Dungeon |   8474 |   7976 |    498 |   2408 |   4135 |   7 | 1210.6 |
         Sewer |    288 |    288 |      0 |    127 |    111 |   1 |  288.0 |
               +--------+--------+--------+--------+--------+-----+--------+

Top non-repeatable levels by time:
     D:6: 3006 daAuts
     D:5: 1433 daAuts
     D:3: 1013 daAuts
     D:4: 991 daAuts
     D:7: 840 daAuts
     D:2: 659 daAuts
     D:1: 530 daAuts
   Sewer: 288 daAuts
